 Dungeon Crawl Stone Soup version 0.29.1-12-g30fa7ad0bf (webtiles) character file.

Game seed: 5142956204800346991

27 kingofthe the Caller (level 3, -1/24 HPs)
             Began as a Merfolk Summoner on Jan 14, 2023.
             Slain by a gnoll
             ... wielding a +0 flail
              (4 damage)
             ... on level 1 of the Dungeon.
             The game lasted 00:03:04 (1635 turns).

kingofthe the Caller (Merfolk Summoner)             Turns: 1635, Time: 00:03:05

Health: -1/24      AC:  4    Str:  8    XL:     3   Next: 10%
Magic:  4/6        EV: 13    Int: 14    God:
Gold:   31         SH:  0    Dex: 16    Spells: 5/6 levels left

rFire   . . .      SeeInvis .   c - +0 dagger
rCold   . . .      Faith    .   (no shield)
rNeg    . . .      Spirit   .   a - +0 robe
rPois   .          Reflect  .   (no helmet)
rElec   .          Harm     .   g - +1 cloak
rCorr   .          Rampage  .   (no gloves)
Will    .....                   (no boots)
Stlth   ++........              (no amulet)
HPRegen 0.08/turn               (no ring)
MPRegen 0.10/turn               (no ring)

@: no status effects
A: (nimble swimmer 2), mertail
a: no special abilities


You were on level 1 of the Dungeon.
You visited 1 branch of the dungeon, and saw 2 of its levels.

You collected 31 gold pieces.

Inventory:

Hand Weapons
 c - a +0 dagger (weapon)
Armour
 a - a +0 robe (worn)
 g - a +1 cloak (worn)
Scrolls
 d - a scroll of teleportation {unknown}
 e - a scroll of acquirement {unknown}
 f - a scroll of noise {unknown}
Potions
 b - a potion of magic


   Skills:
 + Level 3.2 Dodging
 - Level 3.0 Stealth
 + Level 2.3 Spellcasting
 + Level 4.2 Summonings


You had 5 spell levels left.
You knew the following spells:

 Your Spells              Type           Power      Damage    Failure   Level
a - Summon Small Mammal   Summ           52%        N/A       4%          1

Your spell library contained the following spells:

 Spells                   Type           Power      Damage    Failure   Level
 Call Imp                 Summ           13%        N/A       6%          2
 Call Canine Familiar     Summ           13%        N/A       12%         3
 Summon Guardian Golem    Hex/Summ       7%         N/A       28%         3
 Summon Lightning Spire   Summ/Air       7%         N/A       67%         4


Dungeon Overview and Level Annotations

Branches:
Dungeon (2/15)

Altars:


Innate Abilities, Weirdness & Mutations

((You are very nimble when in or above water. (Stealth+, EV+, Speed+++)))
Your lower body shifts to a powerful aquatic tail in water.


Message History

Done exploring.
Done exploring.
There is a stone staircase leading down here.
You climb downwards.
There is a stone staircase leading up here.
The gnoll misses you.
You climb upwards.
There is a stone staircase leading down here.
Casting: Summon Small Mammal (safe; 4% risk of failure)
Confirm with . or Enter, or press ? or * to list all spells.
The gnoll misses you.
Casting: Summon Small Mammal (safe; 4% risk of failure)
Confirm with . or Enter, or press ? or * to list all spells.
Your quokka barely misses the gnoll.
The gnoll closely misses you.
You hit the gnoll.
The gnoll is lightly wounded.
Your bat hits the gnoll.
Your quokka bites the gnoll.
The gnoll closely misses you.
You closely miss the gnoll.
The gnoll is moderately wounded.
Your bat hits the gnoll but does no damage.
Your quokka barely misses the gnoll.
The gnoll hits you with a +0 flail.
You hit the gnoll but do no damage.
The gnoll is moderately wounded.
Your bat closely misses the gnoll.
Your quokka bites the gnoll but does no damage.
The gnoll hits you with a +0 flail!
You are too injured to fight recklessly!
You hit the gnoll.
The gnoll is heavily wounded.
Your quokka barely misses the gnoll.
Your bat hits the gnoll but does no damage.
The gnoll hits you with a +0 flail.
* * * LOW HITPOINT WARNING * * *
Your quokka bites the gnoll.
You hit the gnoll but do no damage.
The gnoll is severely wounded.
Your bat closely misses the gnoll.
Your quokka barely misses the gnoll.
The gnoll hits you with a +0 flail.
You die...

#.###..........######....#.#
#.# ##...########....)......
#.# #...................#.#
#.# #..................##.#
#.# #..................+...
#.# #..................###.
#.# #......b.....####### #.
#.# #...##..r....#########.
#.# #...##@g...............
#.####...#####.#.##########.
#......................# ##
#############..........#####
#.#....................####
#.#.#######...#'####...####
#.#.# #...#.# #.##...#
###.#.# #...#.# #.##....
#.†.#.#######...#.# #.##....


You could see a gnoll (ally target), a friendly quokka (summoned) and a friendly
bat (summoned).

Vanquished Creatures
  A dart slug (D:1)
  An endoplasm (D:1)
  A giant cockroach (D:1)
  4 goblins (D:1)
  A hobgoblin (D:1)
  2 quokkas (D:1)
  3 ball pythons (D:1)
  4 bats (D:1)
  A frilled lizard (D:1)
  A kobold (D:1)
  3 rats (D:1)
22 creatures vanquished.

Vanquished Creatures (collateral kills)
  An endoplasm (D:1)
1 creature vanquished.

Grand Total: 23 creatures vanquished

Notes
Turn   | Place    | Note
-------+----------+-------------------------------------------
     0 | D:1      | kingofthe the Merfolk Summoner began the quest for the Orb.
     0 | D:1      | Reached XP level 1. HP: 13/13 MP: 3/3
   403 | D:1      | Reached XP level 2. HP: 13/19 MP: 3/5
  1400 | D:1      | Reached XP level 3. HP: 24/24 MP: 6/6
  1635 | D:1      | Slain by a gnoll

Illustrated notes

Levels and vault maps discovered:
D:1:      spicycebolla_green_bress_n_ham, layout_basic, serial_curves,
          eino_curves_01, eino_curves_03, eino_curves_01, grunt_decor_junction
D:2:      layout_basic, uniq_sigmund

Skill      XL: |  1  2 |
---------------+-------+-----
Dodging        | 3 |  3.2
Stealth        | 3 |  3.0
Spellcasting   | |  2.3
Summonings     | |  4.2

Action                   || total
-------------------------++-------
Melee: Unarmed           ||    35
       Dagger            ||    65
       Punch             ||     1
 Cast: Summon Small Mamm ||     9
 Stab: Sleeping          ||     6
Armor: Robe              ||    21
Dodge: Dodged            ||    58
